 Dungeon Crawl Stone Soup version 0.23-a0-607-g760965b (webtiles) character file.

221 MisterFreud the Skirmisher (level 6, -6/53 HPs)
             Began as a Human Wanderer on Dec 20, 2018.
             Mangled by an orc warrior
             ... wielding a +0 short sword
              (12 damage)
             ... on level 3 of the Dungeon.
             The game lasted 00:07:33 (3308 turns).

MisterFreud the Skirmisher (Human Wanderer)         Turns: 3308, Time: 00:07:34

Health: -6/53      AC:  7    Str: 12 (14) XL:     6   Next: 18%
Magic:  6/6        EV: 12    Int: 13 (16) God:
Gold:   143        SH:  0    Dex: 10 (12) Spells: 5/5 levels left

rFire    . . .     SeeInvis .   b - +0 short sword
rCold    + . .     Gourm    .   (no shield)
rNeg     . . .     Faith    .   a - +2 leather armour
rPois    .         Spirit   .   p - +0 helmet {Int+3}
rElec    .         Reflect  .   g - +0 cloak
rCorr    .         Harm     .   (no gloves)
MR       .....                  (no boots)
Stlth    +.........             (no amulet)
HPRegen  0.17/turn              v - ring of protection from cold
MPRegen  0.10/turn              (no ring)

@: very slightly contaminated, invisible
A: no striking features
a: no special abilities


You were on level 3 of the Dungeon.
You were not hungry.

You visited 1 branch of the dungeon, and saw 4 of its levels.

You collected 143 gold pieces.

Inventory:

Hand Weapons
 b - a +0 short sword (weapon)
 o - a +0 hunting sling
Missiles
 k - 18 arrows
 l - 43 stones (quivered)
 m - 29 sling bullets
 s - 23 poisoned needles
 t - 4 javelins
Armour
 a - a +2 leather armour (worn)
 g - a +0 cloak (worn)
 p - a +0 helmet of intelligence (worn)
Jewellery
 v - a ring of protection from cold (left hand)
Scrolls
 c - a scroll of teleportation
 f - a scroll of noise {unknown}
 h - a scroll of enchant armour {unknown}
 n - a scroll of random uselessness {unknown}
 r - 2 scrolls of remove curse {unknown}
 w - a scroll of fog {unknown}
Potions
 q - a potion of heal wounds {unknown}
 u - a potion of haste {unknown}
 x - a potion of agility
 z - a potion of degeneration
Comestibles
 d - 5 rations


   Skills:
 + Level 6.4 Fighting
 - Level 2.0 Short Blades
 - Level 3.0 Dodging
   Level 1.0 Shields
   Level 1.0 Evocations


You had 5 spell levels left.
You didn't know any spells.
Your spell library was empty.

Dungeon Overview and Level Annotations

Branches:
Dungeon (4/15)
 Temple: D:4-7

Altars:
Gozag

Annotations:
D:3 Edmund, Terence


Message History

You hit the orc warrior but do no damage.
The orc warrior is severely wounded.
The orc warrior hits you but does no damage.
You barely miss the orc warrior.
The orc warrior is severely wounded.
The orc warrior hits you with a +0 short sword.
* * * LOW HITPOINT WARNING * * *
You closely miss the orc warrior.
The orc warrior is severely wounded.
The orc warrior hits you but does no damage.
Edmund hits you but does no damage.
You closely miss the orc warrior.
The orc warrior is severely wounded.
You feel less wooden.
Your +0 cloak unmelds from your body.
Your +0 helmet of intelligence unmelds from your body.
Your +2 leather armour unmelds from your body.
You feel clever.
The orc warrior hits you with a +0 short sword!
You die...

#.# #.# #.# #.# #.# #.# ..# #.#
######.# ########### ........
.......... ######.#####
#########.######## ....##.....#
.#@o.....#.####...# ....##.....#
.#.@..........#...#
....##.....###.#................#
....##.........#.................
..........)....#...........##....
....#####......#.......#.#.......
......# #......#.......#.#.##...#
#####.# #......#.......#.#.##...#
...##.###......###.....#.#.......


You could see Edmund and an orc warrior.

Vanquished Creatures
  A howler monkey (D:3)
  Jessica (D:3)
  Natasha (twice) (D:3)
  5 adders
  3 worms (D:2)
  2 leopard geckos
  An orc (D:3)
  A ball python (D:1)
  5 bats
  2 giant cockroaches
  5 goblins
  8 hobgoblins
  2 jackals (D:1)
  A quokka (D:3)
  4 frilled lizards
  5 kobolds
  6 rats
54 creatures vanquished.

Notes
Turn   | Place    | Note
-------+----------+-------------------------------------------
     0 | D:1      | MisterFreud the Human Wanderer began the quest for the Orb.
     0 | D:1      | MisterFreud set off with the following items: a +2 leather
                  | armour, a +0 short sword, a scroll of teleportation, a
                  | ration
     0 | D:1      | Reached XP level 1. HP: 18/18 MP: 1/1
   166 | D:1      | Reached XP level 2. HP: 24/24 MP: 2/2
  1248 | D:2      | Reached skill level 4 in Fighting
  1248 | D:2      | Reached XP level 3. HP: 9/30 MP: 3/3
  1772 | D:2      | Found an opulent altar of Gozag.
  1841 | D:2      | Reached XP level 4. HP: 29/38 MP: 4/4
  2039 | D:2      | Reached skill level 5 in Fighting
  2099 | D:3      | Noticed Terence
  2135 | D:3      | Noticed Jessica
  2138 | D:3      | Noticed Natasha
  2152 | D:3      | Killed Jessica
  2152 | D:3      | Reached XP level 5. HP: 31/44 MP: 5/5
  2172 | D:3      | Killed Natasha
  2505 | D:3      | Noticed Natasha
  2514 | D:3      | Reached skill level 6 in Fighting
  2534 | D:3      | HP: 1/69 [iron imp[Natasha] (5)]
  2536 | D:3      | Killed Natasha
  2536 | D:3      | Reached XP level 6. HP: 1/52 MP: 6/6
  3067 | D:3      | Noticed an orc warrior
  3141 | D:4      | Noticed an ogre
  3148 | D:4      | Noticed Edmund
  3308 | D:3      | Mangled by an orc warrior

Vault maps used:
D:1:      sevenhm_arrival_forest_fort_large_2
D:2:      lemuel_doored_altar
D:3:      minmay_general_purpose_star, first_ration, uniq_terence, uniq_jessica,
          uniq_natasha
D:4:      uniq_edmund

Skill      XL: |  1  2  3  4  5 |
---------------+----------------+-----
Fighting       | 4 5 6 |  6.4
Short Blades   | |  2.0
Dodging        | |  3.0
Shields        | |  1.0
Evocations     | |  1.0

Action                   |  1- 3 |  4- 6 || total
-------------------------+-------+-------++-------
Melee: Short sword       |   142 |   218 ||   360
       Unarmed           |       |     3 ||     3
  Use: Potion            |       |     5 ||     5
       Scroll            |       |     1 ||     1
 Stab: Invisible         |       |     1 ||     1
  Eat: Chunk             |     3 |     5 ||     8
Armor: Leather armour    |    25 |    72 ||    97
       Skin              |       |    44 ||    44
Dodge: Dodged            |    62 |   128 ||   190

Table legend:
 A = Non-vault XP
 B = Vault XP
 C = Vault XP percentage of total XP
 D = Non-vault monster count
 E = Vault monster count
 F = Vault count percentage of total count
                 A         B        C        D         E       F
            +---------+---------+-------+---------+---------+-------
      Total |     241 |      75 |  23.7 |      51 |       3 |   5.6
            +---------+---------+-------+---------+---------+-------
        D:1 |      28 |       0 |   0.0 |      16 |       0 |   0.0
        D:2 |      74 |       0 |   0.0 |      18 |       0 |   0.0
        D:3 |     137 |      75 |  35.4 |      16 |       3 |  15.8
        D:4 |       2 |       0 |   0.0 |       1 |       0 |   0.0
            +---------+---------+-------+---------+---------+-------
